AoeStats
← tony le gros rou

Arena

505947162Analyzed
4v4 RM · 19d ago on Sep 11, 2026· 62m 50s· 8 players
Game mode
Random Map
Map size
Large (8 player)
Population
200
Speed
Normal
Resources
Standard
Victory
Conquest
Starting age
Dark Age
Ending age
Imperial Age
RankedLock teamsTeams togetherTeam positionsShared explorationLock speedFull tech treeHidden civsTurbo modeCheats
Victory
Defeat
🇮🇹 Hindustanis · Italy
1503
+13
🇲🇽 Malay · Mexico
1447
+16
🇪🇸 Persians · Spain
1427
+16
🇨🇿 Bulgarians · Czechia
1389
+18
🇫🇷 Bengalis · France
1580
-21
🇫🇷 Poles · France
1410
-15
🇫🇷 Britons · France
1393
-14
🇩🇪 Gurjaras · Germany
1373
-13
[GDL] ColimoteStudioS
11:00 Feudal Age
11:56 Double-Bit Axe
11:52 Horse Collar
16:47 Castle Age
17:17 Loom
28:49 Wheelbarrow
29:55 Town Watch
30:33 Bow Saw
32:01 Heavy Plow
31:53 Gold Mining
31:53 Stone Mining
33:55 Gold Shaft Mining
33:55 Stone Shaft Mining
33:37 Hand Cart
37:06 Imperial Age
34:59 Padded Archer Armor
35:44 Ballistics
35:17 Fletching
35:30 Elite Skirmisher
36:16 Thumb Ring
36:07 Bodkin Arrow
37:00 Bracer
38:15 Chemistry
37:32 Leather Archer Armor
37:38 Conscription
38:30 Ring Archer Armor
39:44 Treadmill Crane
39:39 Crossbowman
40:03 Man-at-Arms
40:44 Squires
40:29 Arson
40:56 Forging
40:19 Arbalester
40:39 Long Swordsman
41:57 Iron Casting
41:52 Forced Levy
41:59 Pikeman
44:18 Two-Handed Swordsman
46:30 Blast Furnace
45:53 Halberdier
51:02 Coinage
50:42 Guilds
55:30 Banking
63:28 Caravan
maniak
10:33 Feudal Age
8:49 Loom
14:04 Castle Age
11:59 Double-Bit Axe
19:04 Fletching
21:32 Horse Collar
25:21 Bow Saw
27:37 Wheelbarrow
27:30 Heavy Plow
33:48 Imperial Age
31:43 Bodkin Arrow
31:57 Scale Barding Armor
32:03 Forging
31:52 Gold Mining
31:52 Stone Mining
33:02 Ballistics
32:34 Town Watch
33:10 Light Cavalry
34:00 Bloodlines
33:50 Husbandry
35:06 Crop Rotation
35:13 Siege Engineers
35:43 Devotion
35:20 Hussar
37:08 Iron Casting
37:29 Squires
38:33 Conscription
39:20 Blast Furnace
38:40 Chain Barding Armor
38:23 Arson
38:23 Gambesons
40:07 Gold Shaft Mining
40:08 Stone Shaft Mining
39:32 Stirrups
39:44 Scale Mail Armor
39:40 Bodkin Arrow
39:29 Pikeman
40:51 Halberdier
41:48 Chain Mail Armor
41:33 Bracer
43:11 Murder Holes
49:15 Plate Mail Armor
49:35 Bagains
53:30 Masonry
62:30 Chemistry
62:01 Architecture
Mr_Fabul0us
11:27 Feudal Age
15:39 Castle Age
14:48 Double-Bit Axe
14:43 Horse Collar
16:23 Scale Barding Armor
16:34 Bow Saw
17:11 Chain Barding Armor
16:47 Gold Mining
18:39 Bloodlines
22:12 Fletching
26:40 Stone Mining
28:07 Stone Shaft Mining
29:00 Wheelbarrow
28:52 Loom
30:10 Town Watch
30:29 Heavy Plow
31:28 Hand Cart
32:44 Gold Shaft Mining
32:35 Scale Mail Armor
32:45 Forging
36:36 Imperial Age
34:41 Chain Mail Armor
35:19 Iron Casting
35:42 Grand Trunk Road
36:10 Husbandry
37:39 Conscription
38:22 Blast Furnace
36:59 Elite Ghulam
40:32 Bodkin Arrow
42:41 Two-Man Saw
42:44 Siege Elephant
52:09 Caravan
61:46 Chemistry
60:52 Siege Engineers
60:58 Masonry
61:01 Fortified Wall
61:11 Ballistics
61:02 Careening
61:03 Clinker Construction
60:54 Bracer
60:55 Padded Archer Armor
61:30 Plate Barding Armor
60:47 Guard Tower
61:31 Coinage
Sergio
10:14 Feudal Age
14:10 Castle Age
12:35 Double-Bit Axe
12:57 Horse Collar
17:12 Loom
23:54 Wheelbarrow
23:45 Gold Mining
25:29 Gold Shaft Mining
24:44 Stone Mining
31:26 Imperial Age
29:15 Hand Cart
29:58 Scale Barding Armor
30:03 Forging
30:06 Bloodlines
29:57 Husbandry
31:38 Chain Barding Armor
32:53 Iron Casting
33:01 Bow Saw
32:35 Cavalier
34:18 Plate Barding Armor
34:44 Blast Furnace
35:09 Savar
36:14 Devotion
36:18 Scale Mail Armor
36:58 Fletching
38:00 Pikeman
38:26 Gambesons
38:53 Town Watch
41:01 Chemistry
41:05 Stone Shaft Mining
41:11 Heavy Plow
42:51 Two-Man Saw
43:04 Conscription
42:05 Elite War Elephant
43:04 Guilds
47:26 Caravan
47:10 Elite Skirmisher
50:04 Padded Archer Armor
49:31 Light Cavalry
50:33 Halberdier
51:54 Chain Mail Armor
51:54 Leather Archer Armor
54:42 Plate Mail Armor
54:29 Leather Archer Armor
55:39 Squires
57:37 Bodkin Arrow
59:52 Ballistics
61:44 Ring Archer Armor
p0n0n0
9:16 Feudal Age
8:28 Loom
13:45 Castle Age
12:54 Double-Bit Axe
20:04 Horse Collar
24:26 Bow Saw
24:16 Heavy Plow
29:10 Gold Mining
30:46 Wheelbarrow
36:00 Imperial Age
33:58 Hand Cart
34:42 Kshatriyas
36:15 Bloodlines
36:05 Husbandry
36:18 Heavy Camel Rider
37:04 Scale Barding Armor
37:10 Forging
37:55 Conscription
38:14 Chain Barding Armor
38:40 Frontier Guards
41:05 Crop Rotation
41:10 Gold Shaft Mining
42:00 Plate Barding Armor
44:14 Light Cavalry
46:14 Iron Casting
45:40 Scale Mail Armor
48:11 Chain Mail Armor
51:09 Elite Shrivamsha Rider
55:52 Plate Mail Armor
tony le gros rou
3:11 Loom
7:07 Loom
8:59 Feudal Age
12:31 Fletching
17:07 Double-Bit Axe
18:20 Padded Archer Armor
23:27 Castle Age
22:47 Horse Collar
27:49 Bodkin Arrow
35:19 Imperial Age
33:11 Bloodlines
33:02 Husbandry
33:08 Scale Barding Armor
33:14 Forging
33:34 Bow Saw
34:04 Wheelbarrow
34:25 Chain Barding Armor
34:20 Heavy Plow
35:03 Szlachta Privileges
35:26 Cavalier
37:02 Iron Casting
45:11 Murder Holes
47:36 Crop Rotation
46:59 Gold Mining
49:11 Blast Furnace
55:24 Light Cavalry
56:36 Winged Hussar
57:53 Fortified Wall
58:23 Hand Cart
ccereal
6:26 Loom
8:37 Feudal Age
7:37 Loom
9:18 Double-Bit Axe
16:53 Castle Age
15:23 Fletching
16:06 Padded Archer Armor
16:58 Crossbowman
17:50 Bodkin Arrow
18:49 Horse Collar
21:16 Leather Archer Armor
26:12 Bow Saw
27:43 Wheelbarrow
34:01 Imperial Age
32:07 Heavy Plow
32:01 Gold Mining
32:20 Stone Mining
32:18 Town Watch
33:43 Gold Shaft Mining
35:13 Bracer
35:53 Ballistics
36:41 Chemistry
36:21 Arbalester
37:37 Hand Cart
37:58 Masonry
38:40 Warwolf
39:18 Ring Archer Armor
39:38 Hoardings
40:14 Conscription
41:56 Two-Man Saw
43:10 Architecture
47:07 Elite Skirmisher
Frorok
4:44 Loom
8:19 Loom
11:17 Feudal Age
13:13 Double-Bit Axe
15:40 Castle Age
14:06 Gold Mining
17:32 Forging
21:40 Wheelbarrow
21:35 Fervor
23:19 Bow Saw
27:27 Hand Cart
31:30 Imperial Age
29:14 Horse Collar
29:55 Redemption
29:36 Town Watch
30:27 Gold Shaft Mining
29:46 Stone Mining
31:19 Fletching
31:30 Padded Archer Armor
33:19 Two-Man Saw
32:17 Bodkin Arrow
32:42 Block Printing
32:48 Sanctity
33:17 Leather Archer Armor
33:38 Conscription
34:46 Scale Mail Armor
35:21 Iron Casting
35:40 Pikeman
36:20 Squires
36:05 Arson
36:50 Chain Mail Armor
38:19 Blast Furnace
37:10 Halberdier
38:41 Illumination
40:40 Bracer
41:31 Ring Archer Armor
41:06 Scale Barding Armor
42:21 Man-at-Arms
42:46 Gambesons
44:02 Mahayana
43:32 Long Swordsman
46:14 Bloodlines
46:06 Two-Handed Swordsman
46:43 Elite Skirmisher
47:45 Chain Barding Armor
48:38 Gold Shaft Mining
49:00 Heavy Plow
50:46 Caravan
51:47 Champion
Connection lost

Rejoining the realm…

Still unreachable

The connection could not be restored.

Session expired

The server has moved on; the page needs a fresh start.